 Dungeon Crawl Stone Soup version 0.29-a0-821-g66395355a5 (webtiles) character file.

Game seed: 13297264239219329796

2018 xian the Destroyer (level 9, -11/79 HPs)
             Began as an Octopode Conjurer on July 7, 2022.
             Was an Initiate of Gozag.
             Killed from afar by a steam dragon (26 damage)
             ... with a ball of steam
             ... on level 7 of the Dungeon.
             The game lasted 00:18:31 (6912 turns).

xian the Destroyer (Octopode Conjurer)              Turns: 6912, Time: 00:18:32

Health: -11/79     AC:  5    Str:  6    XL:     9   Next: 23%
Magic:  8/19       EV: 14    Int: 24    God:    Gozag
Gold:   198        SH:  0    Dex: 11    Spells: 8/21 levels left

rFire   . . .      SeeInvis .   w - +7 battleaxe
rCold   . . .      Faith    .   (shield currently unavailable)
rNeg    . . .      Spirit   .   (helmet restricted)
rPois   .          Reflect  .   (no amulet)
rElec   .          Harm     .   b - +4 ring of protection
rCorr   .          Rampage  .   p - ring of wizardry
Will    .....                   (no ring)
Stlth   ..........              (no ring)
HPRegen 0.23/turn               (no ring)
MPRegen 0.16/turn               (no ring)
                                (no ring)
                                (no ring)

@: berserking, very quick
A: almost no armour, amphibious, 8 rings, camouflage 1, gelatinous body 1,
(nimble swimmer 1), tentacles
a: Renounce Religion, Potion Petition, Call Merchant, Bribe Branch


You were on level 7 of the Dungeon.
You worshipped Gozag.
Gozag was aware of your devotion.
You visited 2 branches of the dungeon, and saw 8 of its levels.

You collected 443 gold pieces.
You spent 127 gold pieces at shops.
You paid 118 gold pieces to Gozag.

Inventory:

Hand Weapons
 w - a +7 battleaxe (weapon)
Armour
 x - a +0 robe
Jewellery
 b - a +4 ring of protection (left tentacle)
 p - a ring of wizardry (right tentacle)
Wands
 u - a wand of charming (6)
 y - a wand of light (5)
Scrolls
 d - a scroll of amnesia
 f - 2 scrolls of fog
 i - a scroll of teleportation
 o - a scroll of fear {unknown}
 r - a scroll of poison
 s - a scroll of magic mapping
 t - a scroll of enchant armour
 v - 2 scrolls of identify
Potions
 a - a potion of magic
 c - 2 potions of degeneration {unknown}
 e - 2 potions of invisibility
 g - 3 potions of berserk rage
 h - a potion of resistance {unknown}
 j - 3 potions of flight
 l - 3 potions of curing
 m - 2 potions of cancellation {unknown}
 n - 2 potions of brilliance {unknown}
 q - 2 potions of attraction {unknown}


   Skills:
 + Level 1.4 Fighting
 + Level 0.8 Short Blades
 + Level 0.5 Maces & Flails
 + Level 4.4 Dodging
 + Level 6.0 Stealth
 + Level 6.7 Spellcasting
 + Level 8.3 Conjurations


You had 8 spell levels left.
You knew the following spells:

 Your Spells              Type           Power      Damage    Failure   Level
a - Magic Dart            Conj           100%       1d8       1%          1
b - Searing Ray           Conj           96%        2d7       1%          2
c - Sublimation of Blood  Necr           8%         N/A       4%          2
d - Iskenderun's Mystic   Conj/Tloc      28%        2d7       5%          4
e - Fulminant Prism       Conj/Hex       14%        3d9       5%          4

Your spell library contained the following spells:

 Spells                   Type           Power      Damage    Failure   Level
 Dazzling Flash           Conj/Hex       56%        N/A       1%          3
 Ozocubu's Armour         Ice            8%         N/A       9%          3
 Irradiate                Conj/Tmut      14%        3d18      16%         5
 Petrify                  Tmut/Erth      8%         N/A       28%         4
 Metabolic Englaciation   Hex/Ice        4%         N/A       58%         5
 Simulacrum               Ice/Necr       Unusable   N/A       N/A         6

Dungeon Overview and Level Annotations

Branches:
Dungeon (7/15)             Temple (1/1) D:6

Altars:
Ashenzari
Cheibriados
Dithmenos
Elyvilon
Fedhas
Gozag
Makhleb
Nemelex Xobeh
Okawaru
Qazlal
Ru
Trog
Uskayaw
Xom
Yredelemnul
Zin
The Shining One

Shops:
D:1 *   D:4 !

Annotations:
D:6 3 runed translucent doors, kevlar127's ghost, novice TrBe


Innate Abilities, Weirdness & Mutations

You cannot wear most types of armour.
You are amphibious.
You can wear up to eight rings at the same time.
Your skin changes colour to match your surroundings (Stealth+).
Your rubbery body absorbs attacks. (AC +1, EV +1)
((You are camouflaged when in or above water. (Stealth+)))
You have tentacles for arms and can constrict up to eight enemies at once.


Message History

You finish channelling your searing ray.
The steam dragon bites you.
* * * LOW HITPOINT WARNING * * *
The steam dragon claws you.
* * * LOW HITPOINT WARNING * * *
You feel much better. The steam dragon breathes steam at you.
The ball of steam hits you!
You hear a shout!
A red film seems to cover your vision as you go berserk!
You feel yourself moving faster!
You feel mighty!
You are engulfed in a cloud of scalding steam.
The steam dragon misses you. The steam dragon completely misses you.
You closely miss the steam dragon. Your squeeze misses the steam dragon.
The steam dragon is lightly wounded.
You are engulfed in a cloud of scalding steam.
The steam dragon barely misses you. The steam dragon closely misses you.
You slash the steam dragon! You squeeze the steam dragon!
The steam dragon is severely wounded.
You are engulfed in a cloud of scalding steam.
The steam dragon breathes steam at you. The ball of steam misses you.
You hear a shout!
You barely miss the steam dragon.
The steam dragon is heavily wounded.
You are engulfed in a cloud of scalding steam.
* * * LOW HITPOINT WARNING * * *
The steam dragon bites you!
* * * LOW HITPOINT WARNING * * *
The steam dragon misses you.
Your magical contamination has completely faded away.
You barely miss the steam dragon. Your squeeze misses the steam dragon.
The steam dragon is heavily wounded.
The steam dragon barely misses you. The steam dragon closely misses you.
You closely miss the steam dragon.
The steam dragon is heavily wounded.
The steam dragon breathes steam at you. The ball of steam hits you!!
You die...
Your body crumbles into a pile of gold.

##### #...#
#D#§# $
#@#§.D.....
##.##§§..h..
#.§# #......
#.## ...... #.#
.....>
#####.###.......
#........# .....
#.###.##### .#
.## #.##..#
.##....


You could see a steam dragon (catching breath).

Vanquished Creatures
  Pikel (D:6)
  Sigmund (D:6)
  Eustachio (D:6)
  A water moccasin (D:6)
  2 ice beasts (D:6)
  A lemure (D:6)
  3 phantoms
  A kobold brigand (D:6)
  3 wights (D:6)
  3 howler monkeys
  A hound (D:6)
  An orc priest (D:5)
  2 jellies
  3 iguanas (D:5)
  4 gnolls (D:3)
  7 adders
  A shadow imp (D:5)
  A white imp (D:5)
  3 ufetubi
  5 worms
  A dart slug (D:5)
  6 orcs
  3 bats
  5 endoplasms
  A giant cockroach (D:4)
  4 goblins
  3 hobgoblins
  10 jackals
  A quokka (D:4)
  5 ball pythons
  3 frilled lizards (D:1)
  5 kobolds
  4 rats
96 creatures vanquished.

Vanquished Creatures (others)
  An endoplasm (D:4)
  2 fulminant prisms
3 creatures vanquished.

Grand Total: 99 creatures vanquished

Notes
Turn   | Place    | Note
-------+----------+-------------------------------------------
     0 | D:1      | xian the Octopode Conjurer began the quest for the Orb.
     0 | D:1      | Reached XP level 1. HP: 11/11 MP: 3/3
   174 | D:1      | Reached XP level 2. HP: 17/17 MP: 0/5
   178 | D:1      | Learned a level 2 spell: Searing Ray
   521 | D:1      | Found Atoet's Assorted Antiques.
   643 | D:1      | Bought an orange potion for 22 gold pieces
   643 | D:1      | Bought a scroll labelled VIZUOS GIDOECH for 25 gold pieces
   921 | D:2      | Reached XP level 3. HP: 21/21 MP: 2/6
  1229 | D:2      | Found a faded altar of an unknown god.
  1486 | D:2      | Reached XP level 4. HP: 27/27 MP: 1/7
  1582 | D:2      | Reached skill level 5 in Conjurations
  1796 | D:2      | You fall into a shaft and drop 1 floor!
  2186 | D:3      | Reached XP level 5. HP: 31/31 MP: 3/9
  2945 | D:4      | Found Xylyutu's Distillery.
  2980 | D:4      | Bought a potion of heal wounds for 50 gold pieces
  2980 | D:4      | Bought a potion of curing for 30 gold pieces
  3015 | D:4      | Learned a level 2 spell: Sublimation of Blood
  3046 | D:4      | Found a stormy altar of Qazlal.
  3551 | D:5      | Entered Level 5 of the Dungeon
  4013 | D:5      | Reached skill level 6 in Conjurations
  4013 | D:5      | Reached XP level 6. HP: 12/36 MP: 0/11
  4716 | D:5      | Reached XP level 7. HP: 42/42 MP: 6/13
  4809 | D:5      | Found a bloodstained altar of Trog.
  4810 | D:5      | Found a broken altar of Ashenzari.
  5248 | D:6      | Found a staircase to the Ecumenical Temple.
  5270 | Temple   | Entered the Ecumenical Temple
  5370 | D:6      | Reached skill level 7 in Conjurations
  5409 | Temple   | Became a worshipper of Gozag Ym Sagoz the Greedy
  5609 | D:6      | Reached skill level 5 in Spellcasting
  5609 | D:6      | Reached XP level 8. HP: 47/47 MP: 9/15
  5671 | D:6      | Noticed Pikel
  5686 | D:6      | Found a shadowy altar of Dithmenos.
  5691 | D:6      | Killed Pikel
  5692 | D:6      | Reached skill level 1 in Fighting
  5692 | D:6      | Reached skill level 5 in Stealth
  5863 | D:6      | Reached skill level 8 in Conjurations
  5925 | D:6      | Noticed Sigmund
  5932 | D:6      | Killed Sigmund
  5933 | D:6      | Reached XP level 9. HP: 37/53 MP: 10/18
  5944 | D:6      | Learned a level 4 spell: Iskenderun's Mystic Blast
  5949 | D:6      | Learned a level 4 spell: Fulminant Prism
  6086 | D:6      | Noticed a gargoyle
  6135 | D:6      | Found a runed translucent gate.
  6135 | D:6      | Found a runed translucent gate.
  6140 | D:6      | Found a runed translucent gate.
  6140 | D:6      | Noticed kevlar127's ghost (novice TrBe)
  6551 | D:6      | Noticed Eustachio
  6565 | D:6      | Killed Eustachio
  6912 | D:7      | Killed from afar by a steam dragon

Illustrated notes

Levels and vault maps discovered:
D:1:      minmay_arrival_doors, layout_rooms, serial_shops, shop,
          roderic_serpentine_path
D:2:      layout_loops_ring, ebering_ecumenical_altar_petrified,
          kennysheep_jessica_study
D:3:      layout_basic
D:4:      layout_rooms, nicolae_qazlal_general_emergency, serial_shops, shop,
          lemuel_flame_loot_1
D:5:      layout_gridville, nicolae_overflow_two_pavilions
D:6:      layout_basic, general_overflow_altar, minmay_temple_entry_junction,
          gammafunk_ghost_split, minmay_misc_feat_encased, st_stairs_5,
          uniq_pikel, uniq_sigmund, uniq_eustachio
D:7:      layout_loops_corners, lemuel_tele_altar, serial_shops,
          nicolae_shop_bloodbath_and_beyond, serial_aquarium,
          aquarium_bridge_long_separate [aquarium_subvault_wall,
          aquarium_subvault_bridge, aquarium_subvault_wall,
          aquarium_subvault_balcony, aquarium_subvault_bridge,
          aquarium_subvault_bridge], aquarium_window_corner, aquarium_window_2,
          aquarium_view_2e, aquarium_pool_S, chequers_serial_rivers_marsh,
          grunt_ministairs_8, st_stairs_5, minivault_26
Temple:   dshaligram_water_room_temple

Skill      XL: |  1  2  3  4  5  6  7  8  9 |
---------------+----------------------------+-----
Conjurations   | 5 6 7 8 |  8.3
Spellcasting   | 3 4 5 6 |  6.7
Stealth        | 3 4 5 6 |  6.0
Dodging        | 3 4 |  4.4
Fighting       | 1 |  1.4
Short Blades   | |  0.8
Maces & Flails | |  0.5

Action                   |  1- 3 |  4- 6 |  7- 9 || total
-------------------------+-------+-------+-------++-------
Melee: Unarmed           |     3 |       |       ||     3
       Constrict         |     7 |     1 |     5 ||    13
       Tentacles         |     6 |     1 |     5 ||    12
       Club              |    18 |     5 |       ||    23
       Dagger            |       |     4 |    11 ||    15
       Punch             |       |       |     1 ||     1
       Battleaxe         |       |       |     5 ||     5
 Cast: Magic Dart        |    47 |    61 |    16 ||   124
       Searing Ray       |     5 |    20 |    19 ||    44
       Iskenderun's Myst |       |       |     3 ||     3
       Fulminant Prism   |       |       |     2 ||     2
  Use: Scroll            |     4 |     8 |     2 ||    14
       Potion            |       |     1 |     4 ||     5
Armor: Skin              |     7 |     7 |     6 ||    20
Dodge: Dodged            |    26 |    17 |    34 ||    77

Table legend: (Time is in decaauts)
 A = Elapsed time spent in this place.
 B = Non-inter-level travel time spent in this place.
 C = Inter-level travel time spent in this place.
 D = Time resting spent in this place.
 E = Time spent auto-exploring this place.
 F = Levels seen in this place.
 G = Mean time per level.
                   A        B        C        D        E       F      G
               +--------+--------+--------+--------+--------+-----+--------+
         Total |   6917 |   6818 |     99 |    436 |   5379 |   8 |  864.6 |
       Dungeon |   6773 |   6674 |     99 |    436 |   5292 |   7 |  967.6 |
        Temple |    144 |    144 |      0 |      0 |     87 |   1 |  144.0 |
               +--------+--------+--------+--------+--------+-----+--------+

Top non-repeatable levels by time:
     D:5: 1675 daAuts
     D:6: 1496 daAuts
     D:3: 1071 daAuts
     D:2: 913 daAuts
     D:1: 888 daAuts
     D:4: 681 daAuts
  Temple: 144 daAuts
     D:7: 45 daAuts
